 Dungeon Crawl Stone Soup version 0.17.0-22-g5edae84 (webtiles) character file.

775 oplop the Ducker (level 7, -4/69 HPs)
             Began as a Merfolk Ice Elementalist on Nov 12, 2015.
             Slain by Menkaure (12 damage)
             ... on level 5 of the Dungeon.
             The game lasted 00:15:14 (4852 turns).

oplop the Ducker (Merfolk Ice Elementalist)         Turns: 4852, Time: 00:15:14

Health: -4/69      AC: 23    Str:  9    XL:     7   Next: 84%
Magic:  14/14      EV:  2    Int: 22    God:
Gold:   163        SH:  0    Dex: 15    Spells: 2 memorised, 11 levels left

rFire  . . .     SeeInvis .     k - +0 trident
rCold  . . .     Clarity  .     (armour currently unavailable)
rNeg   + + +     SustAt   .     (no shield)
rPois  +         Gourm    .     (helmet currently unavailable)
rElec  .         Spirit   .     (cloak currently unavailable)
rCorr  .         Warding  .     (gloves currently unavailable)
rMut   .         NoTele   +     (boots currently unavailable)
MR     .....                    (no amulet)
Stlth  +++.......               (no ring)
                                (no ring)

@: brilliant, tree-form, very slightly contaminated, hasted, invisible, very
quick, not resistant to hostile enchantments, fairly stealthy
A: (change form in water), (swift swim), clever 1
a: no special abilities


You were on level 5 of the Dungeon.
You were not hungry.
You were a tree.
You visited 1 branch of the dungeon, and saw 5 of its levels.

You collected 163 gold pieces.

Inventory:

Hand Weapons
 k - a +0 trident (weapon)
 s - a cursed -1 halberd
Armour
 e - a +0 pair of gloves (melded)
 n - a +1 robe of magic resistance (melded)
Jewellery
 o - an uncursed amulet of stasis
Wands
 r - a wand of draining (11)
Scrolls
 a - a scroll of blinking {unknown}
 g - 2 scrolls of teleportation {unknown}
 l - 3 scrolls of fog {unknown}
 m - 2 scrolls of identify {unknown}
 q - 2 scrolls of remove curse
 v - a scroll of recharging {unknown}
Potions
 i - a potion of lignification
 u - a potion of invisibility
Books
 b - a book of Frost

   Spells                             Type                      Level
   a - Freeze                         Ice                          1
   b - Throw Frost                    Conjuration/Ice              2
   c - Ozocubu's Armour               Charms/Ice                   3
   d - Throw Icicle                   Conjuration/Ice              4
   e - Summon Ice Beast               Ice/Summoning                4
   f - Condensation Shield            Ice                          4
 h - a book of Ice

   Spells                             Type                      Level
   a - Ice Form                       Ice/Transmutation            4
   b - Metabolic Englaciation         Hexes/Ice                    5
   c - Ozocubu's Refrigeration        Ice                          6
   d - Bolt of Cold                   Conjuration/Ice              6
   e - Freezing Cloud                 Conjuration/Ice/Air          6
   f - Simulacrum                     Ice/Necromancy               6
Comestibles
 c - 2 bread rations
 j - 2 meat rations
 t - 3 chunks of flesh


   Skills:
 + Level 7.1 Dodging
 - Level 2.1 Stealth
 + Level 4.7 Spellcasting
   Level 0.7 Conjurations
 + Level 6.1 Ice Magic


You had 11 spell levels left.
You knew the following spells:

 Your Spells              Type           Power        Failure   Level  Hunger
a - Freeze                Ice            ####         1%          1    None
b - Ozocubu's Armour      Chrm/Ice       ####....     1%          3    ##.....


Dungeon Overview and Level Annotations

Branches:
Dungeon (5/15)
 Temple: D:4-7

Altars:
Ashenzari
Nemelex Xobeh
Ru

Annotations:
D:2 1 exclusion, Sigmund
D:4 exclusion: door, xeno23's ghost, weakling TeAE
D:5 Dowan; Menkaure


Innate Abilities, Weirdness & Mutations

((You revert to your normal form in water.))
((You are very nimble and swift while swimming.))
Your mind is acute. (Int +2)


Message History

Your +1 robe of magic resistance melds into your body.
You feel less resistant to hostile enchantments.
Your roots penetrate the ground.
Drink which item? (? for menu, Esc to quit)
It was a potion of brilliance.
You feel clever all of a sudden. Menkaure hits you but does no damage.
Drink which item? (? for menu, Esc to quit)
It was a potion of haste.
You feel yourself speed up. Menkaure hits you but does no damage.
You are very lightly contaminated with residual magic.
Drink which item? (? for menu, Esc to quit)
It was a potion of beneficial mutation.
You feel clever.
You feel fantastic!
Drink which item? (? for menu, Esc to quit)
It was a potion of invisibility.
You fade into invisibility!
Your icy armour evaporates.
Menkaure hits you!
You die...

########
#...#..##(###....#
##..#...#..# #.##.#
##...##...... ......
##...................
#.......###.. ##
##......# ##.....#
##M##..
#########♣###$#
#.............#
#.##.##########
#.##.# #....# #.####
#.# #.# #.#


You could see Menkaure.

Vanquished Creatures
  Duvessa (D:5)
  An ogre (D:5)
  A water moccasin zombie (D:5)
  A scorpion (D:4)
  A giant frog zombie (D:5)
  An orc priest (D:5)
  A hound (D:5)
  A jelly (D:4)
  Jessica (D:2)
  4 worker ants
  An orc wizard (D:5)
  4 gnolls (D:4)
  10 adders
  An ooze (D:5)
  An adder skeleton (D:4)
  A worm (D:2)
  10 orcs
  2 ball pythons
  9 bats
  8 giant cockroaches
  7 goblins
  10 hobgoblins
  11 jackals
  5 kobolds
  2 quokkas
  A giant gecko skeleton (D:4)
  4 giant newts
  6 rats
106 creatures vanquished.

Notes
Turn   | Place    | Note
--------------------------------------------------------------
     0 | D:1      | oplop the Merfolk Ice Elementalist began the quest for the Orb.
     0 | D:1      | Reached XP level 1. HP: 13/13 MP: 3/3
   201 | D:1      | Reached XP level 2. HP: 17/19 MP: 1/5
   534 | D:2      | Found a faded altar to an unknown god.
   899 | D:2      | Reached XP level 3. HP: 10/24 MP: 3/6
  1102 | D:2      | Noticed Sigmund
  1293 | D:2      | Reached skill level 4 in Dodging
  1328 | D:2      | Reached XP level 4. HP: 22/30 MP: 1/8
  1491 | D:2      | Noticed Jessica
  1499 | D:2      | Killed Jessica
  1757 | D:3      | Reached XP level 5. HP: 15/35 MP: 2/9
  2710 | D:4      | Noticed an ogre
  2716 | D:4      | Learned a level 3 spell: Ozocubu's Armour
  2747 | D:4      | Reached skill level 5 in Dodging
  2871 | D:4      | Noticed a phantom
  3169 | D:4      | Reached XP level 6. HP: 33/41 MP: 4/11
  3272 | D:4      | Reached skill level 5 in Ice Magic
  3338 | D:4      | Found a shattered altar of Ashenzari.
  3341 | D:4      | Found a sacrificial altar of Ru.
  3405 | D:4      | Noticed xeno23's ghost (weakling TeAE)
  3414 | D:5      | Entered Level 5 of the Dungeon
  3452 | D:5      | HP: 2/41 [water moccasin zombie (6)]
  3605 | D:4      | Found a sparkling altar of Nemelex Xobeh.
  3879 | D:5      | Noticed Menkaure
  3910 | D:4      | Reached skill level 6 in Dodging
  4159 | D:4      | Reached XP level 7. HP: 26/46 MP: 3/13
  4423 | D:5      | Noticed Duvessa
  4423 | D:5      | Noticed Dowan
  4438 | D:5      | Killed Duvessa
  4630 | D:5      | Reached skill level 7 in Dodging
  4851 | D:5      | Gained mutation: Your mind is acute. (Int +2) [potion of beneficial mutation]
  4852 | D:5      | Slain by Menkaure

Action                   |  1- 3 |  4- 6 |  7- 9 || total
-------------------------+-------+-------+-------++-------
Melee: Unarmed           |     9 |    35 |       ||    44
       Short sword       |    16 |    43 |       ||    59
       Spear             |       |    13 |       ||    13
       Trident           |       |    63 |    26 ||    89
 Cast: Freeze            |    45 |   101 |    36 ||   182
       Ozocubu's Armour  |       |     7 |     4 ||    11
  Use: Scroll            |       |     2 |       ||     2
       Potion            |       |       |     5 ||     5
 Stab: Sleeping          |     4 |     7 |     2 ||    13
       Distracted        |       |       |     1 ||     1
  Eat: Chunk             |     2 |     7 |     5 ||    14
       Pizza             |       |     1 |       ||     1
